 Dungeon Crawl Stone Soup version 0.31-a0-986-g5e6e4ef867 (webtiles) character file.

Game seed: 10694456760695331387

781 gelatine the Skirmisher (level 7, -1/61 HPs)
             Began as a Minotaur Hunter on Nov 8, 2023.
             Slain by Pikel
             ... wielding a +2 whip of freezing
              (5 damage)
             ... on level 5 of the Dungeon.
             The game lasted 00:08:17 (3686 turns).

gelatine the Skirmisher (Minotaur Hunter)           Turns: 3686, Time: 00:08:18

Health: -1/61      AC:  3    Str: 13 (16) XL:     7   Next: 55%
Magic:  6/6        EV: 13    Int:  3 (6)  God:
Gold:   325        SH:  0    Dex: 19 (21) Spells: 6/6 levels left

rFire   . . .        a - +0 shortbow
rCold   . . .        (shield currently unavailable)
rNeg    . . .        v - +0 leather armour of Subjectivity {-Tele Regen+ Dex+6}
rPois   .            (helmet restricted)
rElec   .            (no cloak)
rCorr   +            (no gloves)
SInv    +            (no boots)
Will    .....        u - amulet of regeneration
Stlth   ++           j - ring of see invisible
HPRegen 1.90/turn    A - ring of resist corrosion
MPRegen 0.10/turn

%: no teleportation
@: no status effects
A: horns 2, retaliatory headbutt
a: no special abilities


You were on level 5 of the Dungeon.
You visited 1 branch of the dungeon, and saw 5 of its levels.

You collected 325 gold pieces.

Inventory:

Hand Weapons
 a - a +0 shortbow (weapon)
Armour
 c - a +0 leather armour
 v - the +0 leather armour of Subjectivity (worn) {-Tele Regen+ Dex+6}
   (You found it on level 3 of the Dungeon)

   Dex+6:     It affects your dexterity (+6).
   -Tele:     It prevents most forms of teleportation.
   Regen+:    It increases your rate of health regeneration.
Jewellery
 e - a ring of fire
 j - a ring of see invisible (left hand)
 u - an amulet of regeneration (around neck)
 A - a ring of resist corrosion (right hand)
Scrolls
 b - a scroll of butterflies
 d - 2 scrolls of teleportation
 g - a scroll of amnesia
 h - 3 scrolls of identify {unknown}
 k - 2 scrolls of noise
 l - a scroll of immolation {unknown}
 m - a scroll of fog {unknown}
 p - a scroll of vulnerability {unknown}
 q - a scroll of fear {unknown}
 r - a scroll of blinking {unknown}
 y - a scroll of revelation {unknown}
Potions
 f - a potion of mutation {unknown}
 i - a potion of degeneration
 n - a potion of lignification {unknown}
 o - 2 potions of brilliance {unknown}
 s - a potion of cancellation {unknown}
 t - a potion of enlightenment {unknown}
 w - a potion of curing {unknown}
 x - 2 potions of ambrosia {unknown}
 z - a potion of might {unknown}


   Skills:
 + Level 5.3 Fighting
 + Level 8.6 Ranged Weapons
 + Level 2.8 Armour
 + Level 2.9 Dodging
 + Level 0.8 Stealth


You had 6 spell levels left.
You didn't know any spells.
Your spell library contained the following spells:

 Spells                   Type           Power      Damage    Failure   Level
 Dazzling Flash           Conj/Hex       0%         N/A       93%         3
 Volatile Blastmotes      Fire/Tloc      0%         2d10      93%         3
 Starburst                Conj/Fire      0%         6d3       100%        6
 Maxwell's Capacitive Co  Air            0%         ∞         100%        8


Dungeon Overview and Level Annotations

Branches:
Dungeon (5/15)
 Temple: D:4-7

Altars:
Makhleb
Sif Muna
Trog
Yredelemnul

Annotations:
D:5 Menkaure, Pikel


Innate Abilities, Weirdness & Mutations

You have a pair of horns on your head.
You reflexively headbutt those who attack you in melee.


Message History

Pikel hits you with a +2 whip of freezing!
Pikel freezes you.
You are too injured to fight recklessly!
You are too injured to fight recklessly!
You are too injured to fight recklessly!
You are too injured to fight recklessly!
You are too injured to fight recklessly!
You are too injured to fight recklessly!
You are too injured to fight recklessly!
Pikel attacks as he pursues you!
Pikel hits you with a +2 whip of freezing.
Pikel freezes you.
Pikel says, "You'll feel the lick of my whip!"
Pikel attacks as he pursues you! Pikel misses you.
Pikel says, "I'm sure they'll be treated well, anyway."
Pikel attacks as he pursues you! Pikel barely misses you.
You furiously retaliate!
You headbutt Pikel!
Menkaure calls on the powers of darkness!
Pikel convulses!
Your body is wracked with pain!
You see here a +0 club.
Menkaure calls on the powers of darkness!
Pikel convulses!
Your body is wracked with pain!
* * * LOW HITPOINT WARNING * * *
Pikel attacks as he pursues you! Pikel barely misses you.
Pikel says, "You'll feel the lick of my whip!"
Pikel attacks as he pursues you! Pikel closely misses you.
Menkaure calls on the powers of darkness!
Pikel convulses!
Your body is wracked with pain!
* * * LOW HITPOINT WARNING * * *
Pikel attacks as he pursues you!
Pikel hits you with a +2 whip of freezing!
* * * LOW HITPOINT WARNING * * *
Pikel freezes you.
* * * LOW HITPOINT WARNING * * *
It was a potion of degeneration.
There was something very wrong with that liquid.
You feel weakened.
You feel dopey.
You feel clumsy.
Pikel hits you with a +2 whip of freezing.
You die...
Pikel says, "Another soul for the market."

....>...†.....#.#
.......#######.##
).......# #.#
.......## #.#
........# #.#
.#.#.#.## #.###
5#####.##### #.).#
...........#####.#
######..).M.55.K@#
####..#####.#
#........# #
#..#####.#######
.5.!.......#
#(......# ####.#
#...# #.#####.# #
##...# #<# #.# #
.....#####.# #.# .
...........# #.#


You could see Pikel, 2 lemures and Menkaure (fast).

Vanquished Creatures
  2 ogres (D:5)
  A scorpion (D:3)
  A hound (D:5)
  A jelly (D:4)
  2 orc priests (D:4)
  An iguana (D:4)
  4 orc wizards
  10 gnolls
  11 adders
  4 worms
  2 dart slugs
  8 orcs
  12 endoplasms
  4 giant cockroaches
  8 goblins
  6 hobgoblins
  3 quokkas
  8 ball pythons
  7 bats
  4 frilled lizards
  4 kobolds
  8 rats
111 creatures vanquished.

Notes
Turn   | Place    | Note
-------+----------+-------------------------------------------
     0 | D:1      | gelatine the Minotaur Hunter began the quest for the Orb.
     0 | D:1      | Reached XP level 1. HP: 18/18 MP: 0/0
     1 | D:1      | Found a basalt altar of Yredelemnul.
    60 | D:1      | Reached XP level 2. HP: 25/25 MP: 1/1
    90 | D:1      | Reached skill level 5 in Ranged Weapons
   341 | D:1      | Found a faded altar of an unknown god.
   428 | D:1      | Reached XP level 3. HP: 30/30 MP: 2/2
  1335 | D:2      | Reached skill level 1 in Armour
  1581 | D:2      | Reached XP level 4. HP: 37/37 MP: 3/3
  2228 | D:3      | Reached skill level 6 in Ranged Weapons
  2236 | D:3      | Noticed a scorpion
  2368 | D:3      | Found a bloodstained altar of Trog.
  2560 | D:3      | Identified the +0 leather armour of Subjectivity {-Tele
                  | Regen+ Dex+6}
  2646 | D:3      | Reached XP level 5. HP: 45/45 MP: 4/4
  2788 | D:4      | Reached skill level 7 in Ranged Weapons
  2793 | D:4      | Reached XP level 6. HP: 52/52 MP: 5/5
  2964 | D:4      | Found a shimmering blue altar of Sif Muna.
  3379 | D:5      | Entered Level 5 of the Dungeon
  3480 | D:5      | Found a burning altar of Makhleb.
  3486 | D:5      | Reached skill level 8 in Ranged Weapons
  3486 | D:5      | Reached XP level 7. HP: 58/60 MP: 6/6
  3597 | D:5      | Reached skill level 5 in Fighting
  3653 | D:5      | Noticed Pikel
  3661 | D:5      | Noticed Menkaure
  3685 | D:5      | HP: 2/61 [Pikel/+2 whip of freezing (2)]
  3686 | D:5      | Slain by Pikel

Illustrated notes

Levels and vault maps discovered:
D:1:      sevenhm_arrival_forest_fort_small_6, layout_loops_corners,
          dreamdust_ecumenical_altar_statues, minmay_domino_2
D:2:      layout_basic
D:3:      layout_rooms, trog_antimagical, serial_bayou_pond_e,
          grunt_ministairs_1
D:4:      layout_rooms, marbit_many_paths, dreamdust_princess_bridge
D:5:      layout_loops_ring, gammafunk_temple_overflow_elements, bloody_makhleb,
          temple_pool_b, st_stairs_4, uniq_pikel, uniq_menkaure

Skill      XL: |  1  2  3  4  5  6  7 |
---------------+----------------------+-----
Ranged Weapons | 5 6 7 8 |  8.6
Armour         | 1 2 |  2.8
Fighting       | 3 4 5 |  5.3
Dodging        | |  2.9
Stealth        | |  0.8

Action                     |  1- 3 |  4- 6 |  7- 9 || total
---------------------------+-------+-------+-------++-------
   Fire: Shortbow          |   119 |   218 |    51 ||   388
    Use: Scroll            |       |     3 |       ||     3
         Potion            |       |       |     1 ||     1
 Armour: Leather armour    |    18 |    54 |    27 ||    99
  Dodge: Dodged            |    33 |    69 |    26 ||   128

Table legend: (Time is in decaauts)
 A = Elapsed time spent in this place.
 B = Non-inter-level travel time spent in this place.
 C = Inter-level travel time spent in this place.
 D = Time resting spent in this place.
 E = Time spent auto-exploring this place.
 F = Levels seen in this place.
 G = Mean time per level.
                   A        B        C        D        E       F      G
               +--------+--------+--------+--------+--------+-----+--------+
         Total |   3726 |   3632 |     94 |      0 |   2867 |   5 |  745.2 |
       Dungeon |   3726 |   3632 |     94 |      0 |   2867 |   5 |  745.2 |
               +--------+--------+--------+--------+--------+-----+--------+

Top non-repeatable levels by time:
     D:2: 1261 daAuts
     D:1: 910 daAuts
     D:4: 650 daAuts
     D:3: 615 daAuts
     D:5: 287 daAuts
